 Dungeon Crawl Stone Soup version 0.20.0-7-g3b7b877 (webtiles) character file.

81 McKennaii the Sneak (level 4, -2/30 HPs)
             Began as an Octopode Assassin on May 28, 2017.
             Killed from afar by Sigmund (5 damage)
             ... with a puff of flame
             ... on level 2 of the Dungeon.
             The game lasted 00:01:06 (1144 turns).

McKennaii the Sneak (Octopode Assassin)             Turns: 1144, Time: 00:01:07

Health: -2/30      AC:  1    Str: 10    XL:     4   Next: 40%
Magic:  0/4        EV: 13    Int: 13    God:
Gold:   50         SH:  0    Dex: 14    Spells: 3/3 levels left

rFire    . . .     SeeInvis .   a - +2 dagger
rCold    . . .     Gourm    .   (no shield)
rNeg     . . .     Faith    .   (helmet restricted)
rPois    .         Spirit   +   h - amulet of guardian spirit
rElec    .         Reflect  .   i - ring of resist corrosion
rCorr    +         Harm     .   (no ring)
MR       .....                  (no ring)
Stlth    ++++......             (no ring)
Regen    0.1/turn               (no ring)
MPRegen  0.1/turn               (no ring)
                                (no ring)
                                (no ring)

@: no status effects
A: almost no armour, stealthy swim, amphibious, 8 rings, constrict 8, camouflage
1, gelatinous body 1
a: no special abilities


You were on level 2 of the Dungeon.
You were hungry.

You visited 1 branch of the dungeon, and saw 2 of its levels.

You collected 50 gold pieces.

Inventory:

Hand Weapons
 a - a +2 dagger (weapon)
 b - a +0 blowgun
Missiles
 c - 23 poisoned needles
 d - 2 curare-tipped needles
Jewellery
 h - an amulet of guardian spirit (around mantle)
 i - a ring of resist corrosion (left tentacle)
Scrolls
 e - a scroll of teleportation {unknown}
 k - a scroll of magic mapping {unknown}
 l - 2 scrolls of fear {unknown}
 m - 2 scrolls of identify {unknown}
 n - a scroll of enchant weapon {unknown}
Potions
 j - a potion of might {unknown}
 o - a potion of curing {unknown}
Comestibles
 f - 2 bread rations
 g - a meat ration


   Skills:
 + Level 2.5 Fighting
 + Level 2.4 Short Blades
 + Level 2.1 Throwing
 + Level 1.1 Dodging
 + Level 7.1 Stealth


You had 3 spell levels left.
You didn't know any spells.

Dungeon Overview and Level Annotations

Branches:
Dungeon (2/15)

Altars:

Annotations:
D:2 Sigmund


Innate Abilities, Weirdness & Mutations

You cannot wear most types of armour.
You are very stealthy in the water. (Stealth+)
You are amphibious.
You can wear up to eight rings at the same time.
You can use your tentacles to constrict eight enemies at once.
Your skin changes colour to match your surroundings (Stealth+).
Your rubbery body absorbs attacks. (AC +1, EV +1)


Message History

Sigmund is moderately wounded.
You constrict Sigmund, but do no damage.
You hit Sigmund but do no damage.
Sigmund is moderately wounded.
You constrict Sigmund, but do no damage.
Sigmund hits you with a scythe of protection.
* * * LOW HITPOINT WARNING * * *
You hit Sigmund. You squeeze Sigmund, but do no damage.
Sigmund is heavily wounded.
You constrict Sigmund. You hit Sigmund.
Sigmund is heavily wounded.
You constrict Sigmund, but do no damage.
Sigmund misses you.
You hit Sigmund but do no damage.
Sigmund is heavily wounded.
You constrict Sigmund. Sigmund casts a spell at you.
The puff of flame hits you!
You die...

#.# #.#######
####..[.....
.........###
####.###.# .###.# #.#
...#.###.##
..........#########.#
.#...#..........@@..#
.#...##...###########
.#...###.## .#...#
#.# .#...# #.#
.##.####.# .........#
....###### .####


You could see Sigmund.

Vanquished Creatures
  Terence (D:2)
  2 adders (D:2)
  An ooze (D:2)
  2 dart slugs (D:1)
  2 bats (D:1)
  4 goblins
  5 hobgoblins
  4 jackals (D:1)
  4 kobolds
  2 frilled lizards (D:1)
  3 rats
30 creatures vanquished.

Notes
Turn   | Place    | Note
-------+----------+-------------------------------------------
     0 | D:1      | McKennaii the Octopode Assassin began the quest for the Orb.
     0 | D:1      | Reached XP level 1. HP: 14/14 MP: 1/1
   153 | D:1      | Reached XP level 2. HP: 19/19 MP: 2/2
   202 | D:1      | Reached skill level 6 in Stealth
   627 | D:1      | Reached XP level 3. HP: 24/24 MP: 1/3
  1084 | D:2      | Noticed Terence
  1090 | D:2      | Killed Terence
  1090 | D:2      | Reached skill level 7 in Stealth
  1090 | D:2      | Reached XP level 4. HP: 30/30 MP: 4/4
  1128 | D:2      | Noticed Sigmund
  1144 | D:2      | Killed from afar by Sigmund

Skill      XL: |  1  2  3 |
---------------+----------+-----
Stealth        | 6 7 |  7.1
Fighting       | |  2.5
Short Blades   | |  2.4
Throwing       | |  2.1
Dodging        | |  1.1

Action                   |  1- 3 |  4- 6 || total
-------------------------+-------+-------++-------
Melee: Dagger            |    46 |    10 ||    56
       Constrict         |    10 |     1 ||    11
       Tentacles         |     6 |     2 ||     8
 Stab: Sleeping          |    14 |       ||    14
Armor: Skin              |     2 |       ||     2
Dodge: Dodged            |    29 |     2 ||    31
